 Dungeon Crawl Stone Soup version 0.22.0-21-g8bd1b0a76a (webtiles) character file.

17 Gunterle the Slasher (level 2, 0/16 HPs)
             Began as a Vine Stalker Berserker on Aug 19, 2018.
             Was a Follower of Trog.
             Slain by a rat (1 damage)
             ... on level 1 of the Dungeon.
             The game lasted 00:01:38 (478 turns).

Gunterle the Slasher (Vine Stalker Berserker)        Turns: 478, Time: 00:01:39

Health: 0/16       AC:  2    Str: 19    XL:     2   Next: 62%
Magic:  0/3        EV: 12    Int:  7    God:    Trog [*.....]
Gold:   15         SH:  0    Dex: 13    Spells: 1/1 levels left

rFire    . . .     SeeInvis .   a - +0 falchion
rCold    . . .     Gourm    .   (no shield)
rNeg     . . .     Faith    .   b - +0 animal skin
rPois    .         Spirit   +   (no helmet)
rElec    .         Reflect  .   (no cloak)
rCorr    .         Harm     .   (no gloves)
MR       .....                  (no boots)
Stlth    +.........             (no amulet)
HPRegen  0.05/turn              (no ring)
MPRegen  0.08/turn              (no ring)

@: no status effects
A: fangs 2, magic shield, antimagic bite, no potion heal 3, rot immunity
a: Berserk, Renounce Religion


You were on level 1 of the Dungeon.
You worshipped Trog.
Trog was aware of your devotion.
You were not hungry.

You visited 1 branch of the dungeon, and saw 1 of its levels.

You collected 15 gold pieces.

Inventory:

Hand Weapons
 a - a +0 falchion (weapon)
Armour
 b - a +0 animal skin (worn)
Scrolls
 d - a scroll of teleportation {unknown}
Comestibles
 c - a ration
 f - 4 chunks of flesh


   Skills:
 + Level 2.8 Fighting
 * Level 3.0 Long Blades
 + Level 1.8 Armour
 + Level 1.8 Dodging


You had one spell level left.
You didn't know any spells.
Your spell library was empty.

Dungeon Overview and Level Annotations

Branches:
Dungeon (1/15)

Altars:


Innate Abilities, Weirdness & Mutations

You have extremely sharp teeth.
When hurt, damage is shared between your health and your magic reserves.
Your bite disrupts and absorbs the magic of your enemies.
Potions cannot restore your health.
You are immune to rotting.


Message History

You riposte.
You closely miss the rat. You bite the rat.
You kill the rat!
Trog accepts your kill. The rat misses you. The kobold hits you.
* * * LOW HITPOINT WARNING * * *
The rat barely misses you. The kobold hits you.
* * * LOW HITPOINT WARNING * * *
The rat barely misses you.
You riposte.
You hit the rat. Your bite misses the rat.
The rat is severely wounded.
The kobold hits you.
* * * LOW HITPOINT WARNING * * *
The rat closely misses you.
You riposte.
You hit the rat.
The rat is severely wounded.
The kobold closely misses you. The dart slug launches a dart at you.
The slug dart misses you. The rat misses you. The kobold closely misses you.
The rat bites you but does no damage. The kobold completely misses you.
The rat bites you.
You die...

............######.........
##.........# #.?.......
#.%.......# #.........
#?........# #.........
#..?......# #.........
#.........# ##.......##
#.........# #..(...)@..#
#......rwK$# #............#
...............#
##............$..
................
#...............
...............


You could see a dart slug, a kobold and a rat.

Vanquished Creatures
  2 bats (D:1)
  2 giant cockroaches (D:1)
  2 goblins (D:1)
  3 hobgoblins (D:1)
  2 frilled lizards (D:1)
  2 kobolds (D:1)
  2 rats (D:1)
15 creatures vanquished.

Notes
Turn   | Place    | Note
-------+----------+-------------------------------------------
     0 | D:1      | Gunterle the Vine Stalker Berserker began the quest for the Orb.
     0 | D:1      | Reached XP level 1. HP: 11/11 MP: 2/2
     2 | D:1      | Noticed a tengu
     2 | D:1      | Noticed a centaur
     4 | D:1      | Noticed a dwarf
     4 | D:1      | Noticed a gargoyle
     6 | D:1      | Noticed a naga
     6 | D:1      | Noticed a minotaur
     8 | D:1      | Noticed a troll
    10 | D:1      | Noticed an ogre
    10 | D:1      | Noticed a demonspawn
    12 | D:1      | Noticed a vampire
    14 | D:1      | Noticed a halfling
    14 | D:1      | Noticed a merfolk
    16 | D:1      | Noticed a vine stalker
    18 | D:1      | Noticed a ghoul
    18 | D:1      | Noticed a draconian
    20 | D:1      | Noticed a felid
    20 | D:1      | Noticed an elf
    22 | D:1      | Noticed a demigod
    22 | D:1      | Noticed a spriggan
    24 | D:1      | Noticed a formicid
    26 | D:1      | Noticed a human
    26 | D:1      | Noticed an octopode
    43 | D:1      | Reached XP level 2. HP: 14/16 MP: 1/3
   326 | D:1      | Reached skill level 3 in Long Blades
   478 | D:1      | Slain by a rat

Skill      XL: |  1  2 |
---------------+-------+-----
Long Blades    | 3 |  3.0
Fighting       | |  2.8
Armour         | |  1.8
Dodging        | |  1.8

Action                   || total
-------------------------++-------
Melee: Falchion          ||    20
       Bite              ||    12
Invok: Berserk           ||     1
Armor: Animal skin       ||    16
Dodge: Dodged            ||    62
       Rpst.: Falchion   ||    21
